muahdib, chaotic male human Wizard -------- ----- |<.--..--- |...----- |.........---|.......... ---.-----...--.------...-------- --.....| --)%.|.....-- ---- |..... --->........ ....| |....- ---..|...---...-- ------ ------........| ------...| |...| ---. --.-- |... -..|-- --... ---..---.-.|.---.... --................... |....................d |......--..--.......@. ---..--------|......... --....| |......... |.....| .......|. ----.-- --..--- --- ---- muahdib the Wizard Experience level: 4 Strength: 12 Dexterity: 9 Constitution: 13 Intelligence: 16 Wisdom: 19 Charisma: 7 Health: 0(29) Energy: 48(52) Def: 1 Gold: 150 Moves: 937 Dungeon seed [set]: Game ID: muahdib_1702826753 Your Inventory: Coins $ - 150 gold pieces Weapons a - a blessed +1 quarterstaff (weapon in hands) o - 4 uncursed +0 daggers Armor e - an uncursed +0 cloak of magic resistance (being worn) r - an uncursed +0 orcish helm z - a blessed +2 elven mithril-coat Comestibles i - an uncursed tin of newt meat k - an uncursed tripe ration Scrolls j - an uncursed scroll of scare monster l - an uncursed scroll of teleportation Spellbooks b - a blessed spellbook of force bolt c - an uncursed spellbook of detect monsters Rings g - an uncursed ring of conflict h - an uncursed ring of searching Wands d - an uncursed wand of nothing (0:4) p - an uncursed wand of create monster (0:11) Tools f - an uncursed lock pick t - an uncursed +0 pick-axe u - an uncursed credit card Gems n - an uncursed worthless piece of green glass q - an uncursed worthless piece of orange glass y - 2 uncursed worthless pieces of blue glass N - an uncursed worthless piece of yellow glass Y - an uncursed fluorite Spells and supernatural/magical abilities: Name Level Category Fail Memory a - force bolt 1 attack 0% 96% n - detect monsters 1 divination 0% 96% W - pray for help -- divine ? -- Your skills at the end: Miscellaneous Skills wands [Basic] Weapon Skills quarterstaff [Basic] Spellcasting Skills attack spells [Basic] enchantment spells [Basic] Final Attributes: You were piously aligned. You were magic-protected. Your writing hand was ok. You were somewhat stealthy. You are dead. Vanquished creatures: a gnomish wizard 2 dwarves a hobbit a large kobold a red mold 8 gnomes 2 kobolds a newt 3 goblins 3 grid bugs 23 creatures vanquished. Voluntary challenges: You did not adorn yourself with jewelry or accessories. You did not cause conflict. You were not invisible. You did not have reflection. You were not displaced. You were an atheist. You used a wielded weapon 33 times, starting on turn 275. You did not use tools. You did not use plumbed fixtures. You did not drink any magical draughts. You read items or engraved 1 time, starting on turn 689. You never genocided any monsters. You never polymorphed an object. You never changed form. You used no wishes. You did not use any artifacts. You never split a pudding. You wrote Elbereth's name 1 time, starting on turn 689. You never violated your personal moral code. Dungeon overview: The Dungeons of Doom: levels 1 to 2 Level 1 a fountain a long staircase Level 2 a fountain stairs to The Gnomish Mines The Gnomish Mines: Level 3 <- You were here stairs to The Dungeons of Doom History has recorded: On T:1 you entered the Dungeons of Doom to retrieve the Amulet of Yendor! On T:310 you reached level 2 of The Dungeons of Doom. On T:310 you unlocked the Ranger role by using stairs. On T:359 you advanced to experience level 2. On T:634 you reached level 1 of The Gnomish Mines. On T:634 you unlocked the Rogue role by using long stairs. On T:674 you advanced to experience level 3. On T:706 you advanced to experience level 4. Score breakdown: Gold: 150 ( 15 points) Experience: 4 levels ( 300 points) Exploration: 3 levels ( 60 points) Discoveries: 0 items ( 0 points) Variety of kills: 10 monsters ( 500 points) Major goal: (nothing yet) ( 0 points) Survival: died (score multiplied by 3) Total score: 2625 Latest messages: You resume your meal. You finish eating the gnome corpse. You stop exploring. You hit the gnome. The gnome thrusts one of his daggers at you. The gnome stabs you! You kill the gnome! You see here 2 daggers. o - 2 daggers. A red mold blocks your way. You kill the red mold! You see here a credit card. u - a credit card. You stop exploring. The puppy bites! The spell misses the puppy. The puppy bites! You hit the puppy! The puppy bites! (2x) You die... Final status: Goodbye muahdib the Wizard, killed by a puppy... You died in The Gnomish Mines on dungeon level 3 with 2625 points, and 150 pieces of gold, after 937 moves. You were level 4 with a maximum of 29 hit points when you died.